 Dungeon Crawl Stone Soup version 0.28.0-45-g0d030f2227 (webtiles) character file.

Game seed: 17359663433247229467

1012 mcbry74 the Ruffian (level 8, -1/70 HPs)
             Began as a Troll Gladiator on May 25, 2022.
             Was a Follower of Yredelemnul.
             Slain by a gnoll
             ... wielding a +0 halberd
              (9 damage)
             ... on level 5 of the Dungeon.
             The game lasted 00:17:52 (3060 turns).

mcbry74 the Ruffian (Troll Gladiator)               Turns: 3060, Time: 00:17:54

Health: -1/70      AC:  7    Str: 23    XL:     8   Next: 1%
Magic:  8/8        EV: 10    Int: 12    God:    Yredelemnul [*.....]
Gold:   190        SH:  0    Dex: 11    Spells: 7/7 levels left

rFire   . . .      SeeInvis .     - Unarmed
rCold   . . .      Faith    .   (no shield)
rNeg    . . .      Spirit   .   a - +0 robe
rPois   .          Reflect  .   b - +0 hat
rElec   .          Harm     .   h - +2 cloak
rCorr   .          Rampage  .   (gloves unavailable)
Will    .....                   (boots unavailable)
Stlth   +.........              j - amulet of the acrobat
HPRegen 1.01/turn               l - ring of flight
MPRegen 0.11/turn               q - +6 ring of intelligence

@: flying
A: large, unfitting armour, claws 3, regeneration 1, shaggy fur 1, tough skin 1
a: Renounce Religion, Recall Undead Harvest


You were on level 5 of the Dungeon.
You worshipped Yredelemnul.
Yredelemnul was noncommittal.
You visited 1 branch of the dungeon, and saw 5 of its levels.

You collected 190 gold pieces.

Inventory:

Missiles
 c - 3 throwing nets
 e - 3 javelins (quivered)
 g - 123 stones
Armour
 a - a +0 robe (worn)
 b - a +0 hat (worn)
 h - a +2 cloak (worn)
Jewellery
 j - an amulet of the acrobat (around neck)
 l - a ring of flight (left claw)
 q - a +6 ring of intelligence (right claw)
Scrolls
 d - 3 scrolls of identify {unknown}
 f - 2 scrolls of torment {unknown}
 k - 3 scrolls of teleportation {unknown}
 m - a scroll of acquirement {unknown}
 o - a scroll of immolation {unknown}
 s - 3 scrolls of enchant armour {unknown}
 v - a scroll of amnesia {unknown}
Potions
 i - 4 potions of lignification {unknown}
 n - 2 potions of curing {unknown}
 p - 2 potions of magic {unknown}
 r - a potion of attraction {unknown}
 t - a potion of flight {unknown}
 u - 2 potions of ambrosia {unknown}
 w - a potion of haste {unknown}


   Skills:
 - Level 1.5 Fighting
 + Level 4.8 Throwing
 - Level 2.4 Dodging
 * Level 7.7 Unarmed Combat
 + Level 2.6 Invocations


You had 7 spell levels left.
You didn't know any spells.
Your spell library contained the following spells:

 Spells                   Type           Power      Damage    Failure   Level
 Magic Dart               Conj           0%         1d3       32%         1
 Call Imp                 Summ           0%         N/A       45%         2
 Mephitic Cloud           Conj/Pois/Air  0%         N/A       69%         3


Dungeon Overview and Level Annotations

Branches:
Dungeon (5/15)
 Temple: D:4-7

Altars:
Hepliaklqana
Sif Muna
Yredelemnul


Innate Abilities, Weirdness & Mutations

You are too large for most types of armour.
You have claws for hands.
Your natural rate of healing is unusually fast.
You are covered in fur. (AC +1)
You have tough skin. (AC +1)


Message History

The gnoll sergeant closely misses you.
Edmund hits the gnoll.
The gnoll hits your gnoll zombie with a +0 halberd!
Your gnoll zombie is destroyed!
You scratch the gnoll sergeant but do no damage.
The gnoll sergeant is heavily wounded.
Your gnoll zombie closely misses the gnoll.
The gnoll sergeant hits you with a +0 spear.
* * * LOW HITPOINT WARNING * * *
Edmund hits the gnoll.
You claw the gnoll sergeant!
The gnoll sergeant is severely wounded.
The gnoll sergeant hits you with a +0 spear!
* * * LOW HITPOINT WARNING * * *
Your gnoll zombie barely misses the gnoll.
You barely miss the gnoll sergeant.
The gnoll sergeant is severely wounded.
Edmund hits the gnoll.
The gnoll sergeant hits you with a +0 spear.
* * * LOW HITPOINT WARNING * * *
You claw the gnoll sergeant!
You kill the gnoll sergeant!
Your gnoll zombie hits the gnoll.
Edmund closely misses the gnoll.
You have reached level 8!
The gnoll shaman calls upon its god to heal the gnoll.
The gnoll is healed somewhat.
Edmund hits the gnoll.
The gnoll hits something with a +0 halberd!
The shadow imp shouts, "Scamper hence, thou simpering fob-snatching pumpion!"
You closely miss the shadow imp. The shadow imp closely misses you.
You mangle the shadow imp!!
You kill the shadow imp!
A black mist starts to gather...
You barely miss the gnoll shaman.
The gnoll shaman hits you with a +1 whip of freezing.
* * * LOW HITPOINT WARNING * * *
The gnoll shaman freezes you.
* * * LOW HITPOINT WARNING * * *
The gnoll hits you from afar with a +0 halberd!
You die...
Your body rises from the dead as a mindless zombie.

#Z....... #.##..
#gZ...... #.####
#gg.g.... #.#
#g#g.g.#+ #.# #
#)#....# #.####
#g#....# ##.#.#.
#g###### ##....##
#.g##########.......
#..@..............#.
#.Z#..####...#...Z##
##...## ##..#....##
#.### ##........##
#.# #........... #.#
#..........# #..
#...#....### ## ...
#....### ..##.....#.


You could see a gnoll shaman, 2 gnolls and a friendly spectral shadow imp.

Vanquished Creatures
  Sigmund (D:2)
  Edmund (D:5)
  2 phantoms (D:4)
  A gnoll sergeant (D:5)
  A scorpion (D:5)
  A jelly (D:5)
  2 hounds
  3 iguanas
  2 hound skeletons
  4 gnolls (D:5)
  6 adders
  A shadow imp (D:5)
  A dart slug (D:1)
  18 orcs
  5 endoplasms
  6 giant cockroaches
  7 goblins
  5 hobgoblins
  2 jackals (D:3)
  6 kobolds
  4 quokkas
  7 ball pythons
  7 bats
  2 frilled lizards (D:2)
  5 rats
100 creatures vanquished.

Vanquished Creatures (collateral kills)
  A hound (D:5)
  2 gnolls (D:5)
  2 orcs
  An endoplasm (D:3)
  A goblin (D:3)
7 creatures vanquished.

Vanquished Creatures (others)
  A human zombie (D:2)
  An iguana zombie (D:5)
  A bat zombie (D:2)
  A frilled lizard zombie (D:2)
  A giant cockroach zombie (D:2)
  4 gnoll zombies (D:5)
  3 orc zombies
  2 rat zombies (D:2)
14 creatures vanquished.

Grand Total: 121 creatures vanquished

Notes
Turn   | Place    | Note
-------+----------+-------------------------------------------
     0 | D:1      | mcbry74 the Troll Gladiator began the quest for the Orb.
     0 | D:1      | Reached XP level 1. HP: 19/19 MP: 0/0
   164 | D:1      | Reached XP level 2. HP: 25/27 MP: 1/1
   458 | D:1      | Reached XP level 3. HP: 33/33 MP: 2/2
   623 | D:2      | Reached skill level 4 in Unarmed Combat
   647 | D:2      | Noticed Sigmund
   927 | D:3      | Found a hazy altar of Hepliaklqana.
   930 | D:3      | Found a shimmering blue altar of Sif Muna.
  1055 | D:3      | Reached XP level 4. HP: 41/41 MP: 3/3
  1190 | D:3      | Found a faded altar of an unknown god.
  1221 | D:3      | Prayed at the altar of an unknown god.
  1221 | D:3      | Became a worshipper of Yredelemnul the Dark
  1221 | D:3      | Reached * piety under Yredelemnul
  1301 | D:3      | Reached ** piety under Yredelemnul
  1695 | D:4      | Reached skill level 5 in Unarmed Combat
  1695 | D:4      | Reached XP level 5. HP: 45/48 MP: 4/4
  1724 | D:4      | Noticed a phantom
  1727 | D:4      | Noticed a phantom
  1735 | D:4      | Killed a phantom
  1746 | D:4      | Killed a phantom
  1747 | D:4      | Reached XP level 6. HP: 35/55 MP: 5/5
  1951 | D:4      | Reached skill level 6 in Unarmed Combat
  2538 | D:2      | Killed Sigmund
  2539 | D:2      | Reached skill level 1 in Invocations
  2539 | D:2      | Reached XP level 7. HP: 43/62 MP: 6/6
  2630 | D:2      | Your ally Sigmund died
  2801 | D:5      | Entered Level 5 of the Dungeon
  2862 | D:5      | Noticed Edmund
  2872 | D:5      | Killed Edmund
  2873 | D:5      | Reached skill level 7 in Unarmed Combat
  3053 | D:5      | Reached XP level 8. HP: 8/70 MP: 8/8
  3060 | D:5      | Slain by a gnoll

Illustrated notes

Levels and vault maps discovered:
D:1:      lightli_iron_boxes, layout_rooms
D:2:      layout_basic, st_stairs_14, hangedman_decor_push, serial_bayou_pond_a,
          uniq_sigmund
D:3:      layout_basic, minitemple, shapermc_ecumenical_altar_starsandcircs,
          kennysheep_decorative_pillar
D:4:      layout_loops_ring
D:5:      layout_cave_pools, serial_gnoll_camp, gnoll_camp_mini_basic,
          gnoll_camp_medium_02, gnoll_camp_mini_shop, gnoll_camp_mini_sergeant,
          uniq_edmund

Skill      XL: |  1  2  3  4  5  6  7 |
---------------+----------------------+-----
Throwing       | 2 3 4 |  4.8
Unarmed Combat | 4 5 6 7 |  7.7
Invocations    | 1 2 |  2.6
Fighting       | |  1.5
Dodging        | |  2.4

Action                   |  1- 3 |  4- 6 |  7- 9 || total
-------------------------+-------+-------+-------++-------
Melee: Unarmed           |    94 |   107 |    45 ||   246
       Punch             |       |     3 |     1 ||     4
Throw: Stone             |    23 |    22 |    11 ||    56
       Javelin           |       |     1 |       ||     1
 Stab: Sleeping          |       |     1 |       ||     1
Armor: Robe              |    40 |    19 |    10 ||    69
Dodge: Dodged            |    38 |    38 |    47 ||   123
